 Dungeon Crawl Stone Soup version 0.32-a0-40-g2adb59ae06 (webtiles) character file.

Game seed: 11232771585397556552

19825 drugrobin the Basher (level 12, -1/108 HPs)
             Began as a Demigod Delver on Jan 25, 2024.
             Slain by a molten gargoyle
             ... wielding a +0 flail
              (13 damage)
             ... in a volcano.
             The game lasted 00:33:34 (11818 turns).

drugrobin the Basher (Demigod Delver)              Turns: 11818, Time: 00:33:34

Health: -1/108     AC: 20    Str: 29    XL:     12   Next: 12%
Magic:  15/15      EV:  9    Int: 16    God:
Gold:   659        SH:  0    Dex: 21    Spells: 9/11 levels left

rFire   . . .        b - +3 morningstar (freeze)
rCold   . . .        D - orb {light}
rNeg    . . .        p - +0 plate armour
rPois   .            y - +0 helmet of Infinity {^Contam Str+4}
rElec   .            i - +1 cloak
rCorr   .            n - +1 pair of gloves
SInv    .            (no boots)
Will    +....        l - amulet of regeneration Stlth
                     T - +6 ring of dexterity
HPRegen 1.18/turn    (no ring)
MPRegen 0.14/turn

%: no passive effects
@: glowing
A: high MP 1, forlorn, divine attributes
a: no special abilities


You were in a volcano.
You visited 2 branches of the dungeon, and saw 12 of its levels.
You also visited: Volcano.

You collected 659 gold pieces.

Inventory:

Hand Weapons
 a - a +0 whip of venom
 b - a +3 morningstar of freezing (weapon)
 c - a +0 heavy flail
 S - a +1 mace of protection
Missiles
 B - 23 poisoned darts
 I - 4 javelins
 Q - 10 boomerangs (quivered)
 Z - 4 curare-tipped darts
Armour
 i - a +1 cloak (worn)
 n - a +1 pair of gloves (worn)
 p - a +0 plate armour (worn)
 y - the +0 helmet of Infinity (worn) {^Contam Str+4}
   (You found it on level 2 of the Dungeon)

   Str+4:     It affects your strength (+4).
   ^Contam:   It causes magical contamination when unequipped.
 D - an orb of light (worn)
 R - +0 acid dragon scales
Jewellery
 l - an amulet of regeneration (around neck)
 T - a +6 ring of dexterity (left hand)
Wands
 g - a wand of digging (5)
 j - a wand of polymorph (11)
 o - a wand of flame (16)
 A - a wand of quicksilver (8)
 E - a wand of roots (3)
 W - a wand of mindburst (2)
Scrolls
 e - 4 scrolls of fear
 h - 2 scrolls of butterflies {unknown}
 q - 2 scrolls of revelation
 x - a scroll of blinking
 J - 4 scrolls of fog
 P - 3 scrolls of teleportation {unknown}
 V - a scroll of poison {unknown}
 X - a scroll of torment
 Y - a scroll of vulnerability {unknown}
Potions
 r - 4 potions of might {unknown}
 u - 5 potions of curing {unknown}
 v - 2 potions of berserk rage {unknown}
 z - a potion of attraction {unknown}
 C - 2 potions of magic {unknown}
 H - a potion of enlightenment {unknown}
 M - 2 potions of resistance {unknown}
 O - 3 potions of ambrosia {unknown}
 U - a potion of lignification {unknown}


   Skills:
 + Level 10.9 Fighting
 * Level 12.7 Maces & Flails
 + Level 9.0 Armour
 - Level 1.7 Dodging
 - Level 4.5 Stealth
 - Level 4.0 Evocations


You had 9 spell levels left.
You knew the following spells:

 Your Spells              Type           Power      Damage    Failure   Level
a - Mercury Vapours       Alch/Air       0%         N/A       97%         2

Your spell library contained the following spells:

 Spells                   Type           Power      Damage    Failure   Level
 Gell's Gravitas          Tloc           0%         N/A       99%         3
 Inner Flame              Hex/Fire       0%         N/A       99%         3
 Teleport Other           Tloc           0%         N/A       99%         3
 Flame Wave               Conj/Fire      0%         2d4       100%        4
 Ignite Poison            Fire/Alch      0%         N/A       100%        4
 Sticky Flame             Fire/Alch      0%         2d4       100%        4
 Alistair's Intoxication  Alch           0%         N/A       100%        5
 Dispersal                Tloc           0%         N/A       100%        6
 Sculpt Simulacrum        Ice/Alch       0%         N/A       100%        6
 Ignition                 Fire           0%         3d3       100%        8


Dungeon Overview and Level Annotations

Branches:
Dungeon (11/15)            Temple (0/1) D:4            Lair (1/5) D:11
    Orc (0/2) D:11        Volcano (1/1)

Shops:
D:3 [   D:6 :

Annotations:
D:5 3 runed translucent doors, Swimmer's ghost, novice MfMo
D:6 2 runed translucent doors, knightboat's ghost, novice TrWr
D:10 exclusion: 2 doors


Innate Abilities, Weirdness & Mutations

You have an increased reservoir of magic. (+10% MP)
You shall have no god before yourself.
Your divine heritage dramatically boosts your attributes as you level up.


Message History

Unknown command.
The molten gargoyle hits you with a +0 mace!
You are engulfed in flames!
Unknown command.
Unknown command.
You sock the molten gargoyle! You freeze the molten gargoyle!
The molten gargoyle is severely damaged.
The molten gargoyle barely misses you.
You barely miss the molten gargoyle.
The molten gargoyle is severely damaged.
The molten gargoyle hits you with a +0 mace!
You are engulfed in flames!
You hit the molten gargoyle. You freeze the molten gargoyle.
The molten gargoyle is almost destroyed.
The molten gargoyle barely misses you.
You sock the molten gargoyle! You freeze the molten gargoyle.
You destroy the molten gargoyle!
The molten gargoyle blasts magma at you!
The bolt of magma hits you!
Your Armour skill increases to level 9!
You close the door, pushing everything out of the way.
A molten gargoyle breaks down the door.
You sock the molten gargoyle! You freeze the molten gargoyle.
The molten gargoyle is heavily damaged.
The molten gargoyle hits you with a +0 flail!
You are engulfed in flames!
You hit the molten gargoyle but do no damage.
The molten gargoyle is heavily damaged.
The molten gargoyle hits you with a +0 flail!
* * * LOW HITPOINT WARNING * * *
You are engulfed in flames!
* * * LOW HITPOINT WARNING * * *
Unknown command.
Unknown command.
You hit the molten gargoyle. You freeze the molten gargoyle.
The molten gargoyle is severely damaged.
The molten gargoyle hits you with a +0 flail.
* * * LOW HITPOINT WARNING * * *
You are engulfed in flames!
You die...

#### ##..## #....# ##
##..≈.## ### ##.#
#..≈≈..# ##.## #...#
##.≈≈≈..## ##...##
....9#
#..≈≈≈≈..###.....#
.9..##@§≈..≈≈.##......#
#..#9≈≈≈†≈≈)#..#####'
#.'##≈#≈≈##'.#######
##############≈≈≈≈≈#
###≈##≈#'.≈≈≈≈≈≈#
.≈≈≈≈≈≈)#..≈≈≈≈§+
☼≈≈≈≈≈≈.##...≈≈.#
..≈≈≈≈..###.....#
#..≈≈≈.## ##...##


You could see a molten gargoyle.

Vanquished Creatures
  An entropy weaver (shapeshifter) (D:10)
  Erolcha (D:11)
  2 catoblepae
  A two-headed ogre (D:10)
  A boulder beetle (D:9)
  3 lindwurms
  2 oklob plants (D:11)
  A wolf spider (D:10)
  3 cyclopes (D:11)
  A toenail golem (Volcano)
  4 molten gargoyles (Volcano)
  A cane toad (Lair:1)
  A gargoyle (D:11)
  An unseen horror (D:11)
  2 efreet (Volcano)
  2 komodo dragons
  Grinder (D:6)
  2 trolls
  3 hornets
  Sigmund (D:4)
  A slime creature (D:10)
  10 yaks
  A wraith (D:11)
  2 shadows (D:11)
  A wyvern (D:8)
  2 steam dragons (D:7)
  4 fire elementals (Volcano)
  4 acid dragons
  Edmund (D:5)
  3 water moccasins
  5 orc warriors
  6 centaurs
  An ogre (D:4)
  A phantom (D:6)
  2 kobold brigands (D:8)
  Blork the orc (D:5)
  6 bullfrogs
  A gnoll sergeant (D:8)
  3 scorpions (D:6)
  14 wights (D:9)
  4 howler monkeys
  An electric eel (D:11)
  2 bombardier beetles
  6 hounds
  Crazy Yiuf (D:6)
  6 orc priests
  3 jellies
  Jessica (D:2)
  2 iguanas
  8 orc wizards
  2 gnolls (D:8)
  4 adders
  A shadow imp (D:5)
  A white imp (D:6)
  4 ribbon worms (D:2)
  3 dart slugs
  38 orcs
  8 bats
  7 endoplasms
  5 giant cockroaches
  7 goblins
  6 hobgoblins
  8 jackals
  23 kobolds
  A quokka (D:2)
  6 ball pythons
  7 frilled lizards
  3 rats
  A spectral kobold (D:8)
272 creatures vanquished.

Vanquished Creatures (others)
  A gnoll (D:8)
  A bat (D:1)
2 creatures vanquished.

Grand Total: 274 creatures vanquished

Notes
Turn   | Place    | Note
-------+----------+-------------------------------------------
     0 | D:5      | drugrobin the Demigod Delver began the quest for the Orb.
     0 | D:5      | Reached XP level 1. HP: 18/18 MP: 3/3
    56 | D:5      | Found a runed translucent gate.
    56 | D:5      | Found a runed translucent gate.
    56 | D:5      | Found a runed translucent gate.
    57 | D:5      | Noticed Swimmer's ghost (novice MfMo)
    60 | D:5      | Noticed Edmund
   173 | D:5      | Noticed a hound
   214 | D:4      | Killed a hound
   215 | D:4      | Reached XP level 2. HP: 25/27 MP: 4/4
   218 | D:4      | Reached XP level 3. HP: 30/33 MP: 5/5
   406 | D:2      | Noticed Jessica
   423 | D:2      | Killed Jessica
   424 | D:2      | Reached XP level 4. HP: 8/41 MP: 6/6
   669 | D:1      | Reached skill level 5 in Fighting
  1740 | D:2      | Got the Lessons on Ice and Hermetica
  1780 | D:2      | Reached XP level 5. HP: 48/48 MP: 7/7
  1859 | D:2      | Identified the +0 helmet of Infinity {^Contam Str+4}
  2425 | D:3      | Found Naituan's Antique Armour Shoppe.
  3158 | D:4      | Reached skill level 2 in Maces & Flails
  3265 | D:4      | Found a staircase to the Ecumenical Temple.
  3295 | D:4      | Reached XP level 6. HP: 57/57 MP: 8/8
  3335 | D:4      | Reached skill level 1 in Armour
  3411 | D:4      | Noticed Sigmund
  3430 | D:4      | Killed Sigmund
  3431 | D:4      | Reached skill level 3 in Maces & Flails
  3692 | D:4      | Reached XP level 7. HP: 64/64 MP: 9/9
  3829 | D:4      | Reached skill level 4 in Maces & Flails
  4049 | D:5      | Noticed Blork the orc
  4067 | D:5      | Killed Blork the orc
  4145 | D:5      | Killed Edmund
  4551 | D:6      | Reached skill level 5 in Maces & Flails
  4649 | D:6      | Reached skill level 1 in Evocations
  4649 | D:6      | Reached XP level 8. HP: 73/73 MP: 10/10
  4725 | D:6      | Noticed Grinder
  4755 | D:6      | Paralysed by Grinder for 3 turns
  4764 | D:6      | Killed Grinder
  4824 | D:6      | Found a large runed translucent door.
  4824 | D:6      | Found a large runed translucent door.
  4839 | D:6      | Noticed knightboat's ghost (novice TrWr)
  4851 | D:6      | Found Kuxymoef's Book Shop.
  4887 | D:6      | Reached skill level 6 in Maces & Flails
  5197 | D:6      | Found a runed translucent door.
  5198 | D:6      | Noticed Crazy Yiuf
  5496 | D:6      | Killed Crazy Yiuf
  5826 | D:7      | Noticed a hornet
  5835 | D:7      | Killed a hornet
  5836 | D:7      | Reached XP level 9. HP: 50/80 MP: 11/11
  6431 | D:7      | Reached skill level 7 in Maces & Flails
  7332 | D:7      | Reached skill level 5 in Armour
  7589 | D:8      | Reached skill level 8 in Maces & Flails
  8737 | D:9      | Noticed a two-headed ogre
  8745 | D:9      | Noticed a boulder beetle
  8814 | D:9      | Killed a boulder beetle
  8815 | D:9      | Reached XP level 10. HP: 80/90 MP: 13/13
  8987 | D:9      | Reached skill level 9 in Maces & Flails
  9158 | D:10     | Entered Level 10 of the Dungeon
  9700 | D:10     | Noticed a two-headed ogre
  9705 | D:10     | Killed a two-headed ogre
  9759 | D:10     | Noticed an entropy weaver
  9759 | D:10     | Noticed a wolf spider
  9770 | D:10     | Killed an entropy weaver
  9771 | D:10     | Reached skill level 10 in Maces & Flails
  9784 | D:10     | Killed a wolf spider
  9918 | D:9      | Learned a level 2 spell: Mercury Vapours
 10073 | D:11     | Noticed Erolcha
 10078 | D:11     | Killed Erolcha
 10117 | D:11     | Reached XP level 11. HP: 85/97 MP: 14/14
 10322 | D:11     | Found a staircase to the Orcish Mines.
 10420 | D:11     | Reached skill level 11 in Maces & Flails
 10706 | D:11     | Reached skill level 10 in Fighting
 10751 | D:11     | Noticed a catoblepas
 10812 | D:10     | Killed a catoblepas
 11019 | D:11     | Found a staircase to the Lair.
 11349 | Lair:1   | Entered Level 1 of the Lair of Beasts
 11399 | Lair:1   | Noticed a catoblepas
 11405 | Lair:1   | Reached skill level 12 in Maces & Flails
 11422 | Lair:1   | Killed a catoblepas
 11437 | Lair:1   | Noticed a lindwurm
 11437 | Lair:1   | Found a dark tunnel.
 11477 | Lair:1   | Killed a lindwurm
 11532 | Volcano  | Entered a volcano
 11584 | Volcano  | Noticed a lindwurm
 11584 | Volcano  | Noticed a lindwurm
 11656 | Volcano  | Reached XP level 12. HP: 24/108 MP: 15/15
 11818 | Volcano  | Slain by a molten gargoyle

Illustrated notes

Levels and vault maps discovered:
D:1:      nagdon_arrival_zigzag_paths, layout_rooms, minmay_hexomino_u4
D:2:      layout_basic, chequers_serial_rivers_micro_e, uniq_jessica
D:3:      layout_loops_corners, mainiacjoe_overflow_small_starburst,
          marbit_many_paths, minitemple, serial_shops, shop, minmay_distorted
D:4:      layout_loops_ring, kennysheep_mini_moat, kennysheep_mini,
          minmay_temple_entry_tees, kennysheep_generic_room_9, uniq_sigmund
D:5:      layout_rooms, mainiacjoe_overflow_catwalk,
          grunt_dithmenos_smoke_and_mirrors, gammafunk_ghost_split, uniq_edmund,
          uniq_menkaure, uniq_blork_the_orc
D:6:      layout_basic, ebering_ghost_disaster_area, serial_shops,
          nicolae_shop_stone, uniq_grinder, uniq_crazy_yiuf_cottage
D:7:      layout_layer_cave, hangedman_decor_clover_reticule
D:8:      layout_basic, nicolae_hepliaklqana_monster_ancestors
D:9:      layout_rooms, nicolae_gozag_cash_rules_everything_around_me,
          lemuel_coloured_pillars_altar, lemuel_crystal_altar,
          nicolae_eternal_life, minivault_25
D:10:     layout_long_grid, mainiacjoe_overflow_brackets,
          mainiacjoe_overflow_surrounded_room, wad_scary_box
D:11:     layout_roguey, dpeg_oklobed_lair, david_orc_3,
          kennysheep_opposing_triangles, uniq_erolcha
Lair:1:   layout_roguey, nicolae_volcano_entry_vermiform
Volcano:  volcano_aerie

Skill      XL: |  1  2  3  4  5  6  7  8  9 10 11 12 |
---------------+-------------------------------------+-----
Fighting       | 3 4 5 6 7 8 9 10 | 10.9
Maces & Flails | 2 3 5 6 8 10 12 | 12.7
Armour         | 2 3 4 6 7 8 9 |  9.0
Evocations     | 1 3 4 |  4.0
Dodging        | |  1.7
Stealth        | |  4.5

Action                     |  1- 3 |  4- 6 |  7- 9 | 10-12 || total
---------------------------+-------+-------+-------+-------++-------
  Melee: Mace              |    29 |   165 |       |       ||   194
         Whip              |       |   116 |   340 |    47 ||   503
         Punch             |       |     3 |       |       ||     3
         Flail             |       |       |    39 |       ||    39
         Morningstar       |       |       |    30 |   212 ||   242
  Throw: Dart              |       |       |    25 |     2 ||    27
         Boomerang         |       |       |     7 |     1 ||     8
         Throwing net      |       |       |       |     1 ||     1
   Cast: Mercury Vapours   |       |       |       |     3 ||     3
  Evoke: Wand              |     5 |     1 |     6 |    13 ||    25
    Use: Scroll            |     1 |     7 |     2 |     3 ||    13
         Potion            |     1 |       |       |     1 ||     2
   Stab: Paralysed         |     8 |     2 |       |       ||    10
         Sleeping          |     2 |     5 |       |       ||     7
         Held in net/web   |       |       |       |     2 ||     2
 Armour: Leather armour    |    23 |    34 |       |       ||    57
         Ring mail         |       |    47 |       |       ||    47
         Plate armour      |       |   124 |   312 |   213 ||   649
         Acid dragon scale |       |       |       |    22 ||    22
  Dodge: Dodged            |    16 |   122 |   140 |    84 ||   362

Table legend: (Time is in decaauts)
 A = Elapsed time spent in this place.
 B = Non-inter-level travel time spent in this place.
 C = Inter-level travel time spent in this place.
 D = Time resting spent in this place.
 E = Time spent auto-exploring this place.
 F = Levels seen in this place.
 G = Mean time per level.
                   A        B        C        D        E       F      G
               +--------+--------+--------+--------+--------+-----+--------+
         Total |  11758 |  11302 |    456 |    583 |   7377 |  13 |  904.5 |
       Dungeon |  11300 |  10844 |    456 |    483 |   7377 |  11 | 1027.3 |
          Lair |    178 |    178 |      0 |     30 |      0 |   1 |  178.0 |
       Volcano |    279 |    279 |      0 |     70 |      0 |   1 |  279.0 |
               +--------+--------+--------+--------+--------+-----+--------+

Top non-repeatable levels by time:
     D:7: 1467 daAuts
     D:8: 1249 daAuts
    D:11: 1212 daAuts
     D:6: 1176 daAuts
     D:4: 1009 daAuts
     D:2: 981 daAuts
     D:1: 936 daAuts
    D:10: 930 daAuts
     D:3: 904 daAuts
     D:9: 856 daAuts
     D:5: 575 daAuts
 Volcano: 279 daAuts
  Lair:1: 178 daAuts
